 Dungeon Crawl Stone Soup version 0.30-a0-4-ga7cffc901d (webtiles) character file.

Game seed: 17187375137083970751

4 drpainis the Sneak (level 1, 0/9 HPs)
             Began as a Spriggan Enchanter on Aug 20, 2022.
             Slain by a jackal (1 damage)
             ... on level 1 of the Dungeon.
             The game lasted 00:00:20 (200 turns).

drpainis the Sneak (Spriggan Enchanter)              Turns: 200, Time: 00:00:21

Health: 0/9        AC:  3    Str:  4    XL:     1   Next: 50%
Magic:  5/5        EV: 17    Int: 16    God:
Gold:   10         SH:  0    Dex: 15    Spells: 5/5 levels left

rFire   . . .      SeeInvis +    a - +1 dagger
rCold   . . .      Faith    .    (no shield)
rNeg    . . .      Spirit   .    b - +0 robe
rPois   .          Reflect  .    (helmet restricted)
rElec   .          Harm     .    e - +0 cloak
rCorr   .          Rampage  .    (gloves unavailable)
Will    .....                    (boots unavailable)
Stlth   +++.......               (no amulet)
HPRegen 0.03/turn                (no ring)
MPRegen 0.09/turn                (no ring)

@: very quick
A: very small, no large weapons, unfitting armour, see invisible, speed 3
a: no special abilities


You were on level 1 of the Dungeon.
You visited 1 branch of the dungeon, and saw 1 of its levels.

You collected 10 gold pieces.

Inventory:

Hand Weapons
 a - a +1 dagger (weapon)
Armour
 b - a +0 robe (worn)
 e - a +0 cloak (worn)
Jewellery
 f - a ring of willpower
Potions
 c - 2 potions of invisibility
 d - a potion of brilliance {unknown}


   Skills:
 + Level 1.3 Short Blades
 + Level 2.9 Dodging
 + Level 4.6 Stealth
 + Level 2.6 Spellcasting
 + Level 3.6 Hexes


You had 5 spell levels left.
You didn't know any spells.
Your spell library contained the following spells:

 Spells                   Type           Power      Damage    Failure   Level
 Confusing Touch          Hex            13%        N/A       13%         3
 Tukima's Dance           Hex            13%        N/A       13%         3
 Ensorcelled Hibernation  Hex/Ice        14%        N/A       14%         2
 Dazzling Flash           Conj/Hex       14%        N/A       28%         3


Dungeon Overview and Level Annotations

Branches:
Dungeon (1/15)

Altars:


Innate Abilities, Weirdness & Mutations

You are very small and have problems with some larger weapons.
You are too small for most types of armour.
You have supernaturally acute eyesight. (SInv)
You cover ground extremely quickly. (Speed+++)


Message History

The jackal misses you.
The jackal bites you but does no damage.
The jackal closely misses you.
You hit the jackal but do no damage.
The jackal is almost dead.
The jackal bites you. The jackal barely misses you.
The jackal bites you but does no damage.
You closely miss the jackal.
The jackal is almost dead.
The giant cockroach barely misses you.
The jackal bites you but does no damage.
The jackal completely misses you.
You hit the jackal.
The jackal is lightly wounded.
The giant cockroach bites you but does no damage.
The jackal completely misses you. The jackal bites you.
The giant cockroach misses you.
You hit the jackal but do no damage.
The jackal is almost dead.
The jackal closely misses you. The jackal misses you.
The jackal bites you but does no damage. x2
The giant cockroach completely misses you.
You hit the jackal.
You kill the jackal!
The jackal completely misses you. The giant cockroach bites you.
Unknown command.
The jackal misses you. The jackal misses you.
You closely miss the jackal.
The jackal is lightly wounded.
The jackal closely misses you.
You hit the jackal.
The jackal is severely wounded.
The jackal bites you.
* * * LOW HITPOINT WARNING * * *
The jackal closely misses you.
You hit the jackal but do no damage.
The jackal is severely wounded.
The jackal bites you.
You die...

#.#
#.####.##.......
#.# #.#
#.###......
#.#######.# .#
#......
#.#.......# .#
#.#....
#......#######.#
#.##>..
#.......##...#.
#.###.#
#..........#.. #
#. #.......##...#
.# #. #......@#
.##..#
#.#...#h###.>....
#.##...B.........
..##.............
. #.##.†........
#. ########### #


You could see a jackal and a giant cockroach.

Vanquished Creatures
  A hobgoblin (D:1)
  A jackal (D:1)
  A bat (D:1)
  A rat (D:1)
4 creatures vanquished.

Notes
Turn   | Place    | Note
-------+----------+-------------------------------------------
     0 | D:1      | drpainis the Spriggan Enchanter began the quest for the
                  | Orb.
     0 | D:1      | Reached XP level 1. HP: 9/9 MP: 5/5
   200 | D:1      | Slain by a jackal

Illustrated notes

Levels and vault maps discovered:
D:1:      amcnicky_arrival_underground_garden, layout_loops_ring,
          chequers_ecumenical_altar_simple

Action                   || total
-------------------------++-------
Melee: Dagger            ||    13
 Stab: Sleeping          ||     3
Armor: Robe              ||     6
Dodge: Dodged            ||    16

Table legend: (Time is in decaauts)
 A = Elapsed time spent in this place.
 B = Non-inter-level travel time spent in this place.
 C = Inter-level travel time spent in this place.
 D = Time resting spent in this place.
 E = Time spent auto-exploring this place.
 F = Levels seen in this place.
 G = Mean time per level.
                   A        B        C        D        E       F      G
               +--------+--------+--------+--------+--------+-----+--------+
         Total |    127 |    127 |      0 |      0 |     73 |   1 |  127.0 |
       Dungeon |    127 |    127 |      0 |      0 |     73 |   1 |  127.0 |
               +--------+--------+--------+--------+--------+-----+--------+

Top non-repeatable levels by time:
     D:1: 127 daAuts
